 Dungeon Crawl Stone Soup version 0.28.0-1-gb440e238dd (webtiles) character file.

Game seed: 16579813796844128474

165 Morbidden the Skirmisher (level 5, -3/41 HPs)
             Began as a Demonspawn Fighter on Feb 20, 2022.
             Slain by a sky beast (6 damage)
             ... on level 5 of the Dungeon.
             The game lasted 00:03:36 (3635 turns).

Morbidden the Skirmisher (Demonspawn Fighter)       Turns: 3635, Time: 00:03:36

Health: -3/41      AC:  6    Str: 18    XL:     5   Next: 21%
Magic:  5/5        EV:  9    Int: 15    God:
Gold:   204        SH:  8    Dex: 13    Spells: 4/4 levels left

rFire   . . .      SeeInvis .   a - +0 long sword
rCold   . . .      Faith    .   c - +0 buckler
rNeg    . . .      Spirit   .   j - +0 scale mail
rPois   .          Reflect  .   (no helmet)
rElec   .          Harm     .   (no cloak)
rCorr   .          Rampage  .   (no gloves)
Will    .....      Clarity  +   (no boots)
Stlth   ..........              (no amulet)
HPRegen 0.13/turn               l - +6 ring of intelligence
MPRegen 0.09/turn               (no ring)

@: mighty, unable to read
A: large bone plates 1, powered by pain 2, clarity, evolution 1, inability to
read while threatened
a: no special abilities


You were on level 5 of the Dungeon.
You visited 1 branch of the dungeon, and saw 5 of its levels.

You collected 204 gold pieces.

Inventory:

Hand Weapons
 a - a +0 long sword (weapon)
 b - a +2 dagger of protection
Missiles
 f - 3 javelins
 p - 5 poisoned darts (quivered)
Armour
 c - a +0 buckler (worn)
 j - a +0 scale mail (worn)
Jewellery
 l - a +6 ring of intelligence (left hand)
Scrolls
 e - 2 scrolls of identify
 h - a scroll of blinking {unknown}
 i - a scroll of vulnerability {unknown}
 k - a scroll of silence {unknown}
 m - a scroll of noise {unknown}
 n - a scroll of brand weapon {unknown}
 q - a scroll of fear {unknown}
 r - a scroll of holy word {unknown}
 s - a scroll of magic mapping {unknown}
Potions
 d - 2 potions of might
 o - a potion of resistance {unknown}
 t - a potion of cancellation


   Skills:
 * Level 3.5 Fighting
 * Level 3.3 Long Blades
 + Level 3.4 Armour
 * Level 1.2 Dodging
 + Level 0.2 Stealth
 + Level 3.1 Shields


You had 4 spell levels left.
You didn't know any spells.
Your spell library was empty.

Dungeon Overview and Level Annotations

Branches:
Dungeon (6/15)
 Temple: D:4-7

Altars:


Innate Abilities, Weirdness & Mutations

You are partially covered in large bone plates. (SH +4)
You sometimes gain power by taking damage.
You possess an exceptional clarity of mind.
You have hidden genetic potential.
You sometimes lose the ability to read scrolls when taking damage.


Message History

Found a chain mail.
Found a stone staircase leading up.
The bullfrog gives a loud, deep croak!
Unknown command.
A sky beast comes into view.
The bullfrog hits you!
You focus on the pain.
You feel very mighty all of a sudden. You block the bullfrog's attack.
The sky beast flickers out of sight!
Deactivating autopickup; reactivate with Ctrl-A.
Found a scroll labelled TAGET EMOFRI.
Found a stone staircase leading down.
The bullfrog closely misses you. Something hits you.
You feel threatened and lose the ability to read scrolls!
Something shocks you.
Unknown command.
The bullfrog hits you! Something hits you but does no damage.
Something completely misses you.
There is a stone staircase leading up here.
The bullfrog barely misses you. x2; Something hits you.
Something shocks you.
* * * LOW HITPOINT WARNING * * *
You climb upwards.
Reactivating autopickup.
Found a crystal plate armour.
Found a stone staircase leading up.
There is a stone staircase leading down here.
Sorry, you're not good enough to have a special ability.
Unknown command.
Unknown command.
Something hits you.
* * * LOW HITPOINT WARNING * * *
Something shocks you.
* * * LOW HITPOINT WARNING * * *
Deactivating autopickup; reactivate with Ctrl-A.
Found a ring mail.
You block the bullfrog's attack. Something hits you but does no damage.
There is a stone staircase leading up here.
Unknown command.
You block the bullfrog's attack. The bullfrog misses you. Something hits you.
* * * LOW HITPOINT WARNING * * *
Something shocks you.
You die...

..#......
#.#....[ #......
#.....# .....##
..... #
#..###+###
...##.#@.......#
.......F.......#
##.............#
...[.....>.....#
...............#
.................
##.....######.###
#..... .# #....#


You could see a bullfrog.

Vanquished Creatures
  A hound (D:2)
  Jessica (D:2)
  3 adders
  2 worms (D:2)
  4 orcs
  4 bats (D:1)
  3 endoplasms
  2 giant cockroaches (D:2)
  16 goblins
  10 hobgoblins
  4 jackals (D:1)
  3 quokkas
  4 ball pythons
  A frilled lizard (D:2)
  5 kobolds
  3 rats
66 creatures vanquished.

Notes
Turn   | Place    | Note
-------+----------+-------------------------------------------
     0 | D:1      | Morbidden the Demonspawn Fighter began the quest for the
                  | Orb.
     0 | D:1      | Reached XP level 1. HP: 18/18 MP: 1/1
   524 | D:1      | Gained mutation: You sometimes gain a little power by
                  | taking damage. [demonic ancestry]
   524 | D:1      | Reached XP level 2. HP: 23/24 MP: 2/2
   680 | D:1      | Found a faded altar of an unknown god.
   916 | D:2      | Noticed Jessica
   928 | D:2      | Killed Jessica
   929 | D:2      | Gained mutation: You sometimes gain power by taking damage.
                  | [demonic ancestry]
   929 | D:2      | Reached XP level 3. HP: 21/29 MP: 3/3
  1183 | D:2      | Reached XP level 4. HP: 24/35 MP: 4/4
  1442 | D:2      | Reached skill level 1 in Dodging
  2444 | D:3      | Gained mutation: You are partially covered in large bone
                  | plates. (SH +4) [demonic ancestry]
  2444 | D:3      | Reached XP level 5. HP: 36/41 MP: 5/5
  2688 | D:3      | Gained mutation: You sometimes lose the ability to read
                  | scrolls when taking damage. [potion of mutation]
  2688 | D:3      | Gained mutation: You possess an exceptional clarity of
                  | mind. [potion of mutation]
  2688 | D:3      | Gained mutation: You have hidden genetic potential. [potion
                  | of mutation]
  2690 | D:3      | HP: 2/41 [poisoned by an adder]
  3619 | D:3      | You fall into a shaft and drop 3 floors!
  3619 | D:6      | Noticed an ogre
  3619 | D:6      | Noticed a steam dragon
  3624 | D:6      | Noticed a sky beast
  3631 | D:5      | Entered Level 5 of the Dungeon
  3635 | D:5      | Slain by a sky beast

Illustrated notes

Levels and vault maps discovered:
D:1:      roderic_crossed_star, layout_rooms, hellmonk_ecumenical_altar_blasted
D:2:      cheibrodos_greedy_goblins, layout_basic, minmay_goblin_outpost,
          uniq_jessica
D:3:      layout_loops_ring, mainiacjoe_overflow_swirl,
          nicolae_elevator_lobby_plus
D:5:      layout_basic, serial_shops, shop, uniq_duvessa
D:6:      layout_cave_pools, yredelemnul_altar_generic, lemuel_doored_altar,
          fedhas_altar_decomposition, st_stairs_8, minmay_ruined_shrine

Skill      XL: |  1  2  3  4 |
---------------+-------------+-----
Long Blades    | 2 3 |  3.3
Armour         | 3 |  3.4
Shields        | 3 |  3.1
Dodging        | 1 |  1.2
Fighting       | |  3.5
Stealth        | |  0.2

Action                   |  1- 3 |  4- 6 || total
-------------------------+-------+-------++-------
Melee: Long sword        |   117 |   122 ||   239
Throw: Dart              |       |     1 ||     1
  Use: Potion            |       |     4 ||     4
       Scroll            |       |     2 ||     2
Armor: Scale mail        |    73 |    42 ||   115
Dodge: Dodged            |    68 |    75 ||   143
Block: Buckler           |    24 |    52 ||    76
